 Dungeon Crawl Stone Soup version 0.30-a0-3-gc9032a9cac (webtiles) character file.

Game seed: 7935152555981269616

37 BritishOli the Trooper (level 3, -11/43 HPs)
             Began as a Demonspawn Fighter on Aug 20, 2022.
             Mangled by an ogre
             ... wielding a +0 giant club
              (24 damage)
             ... on level 2 of the Dungeon.
             The game lasted 00:01:25 (1286 turns).

BritishOli the Trooper (Demonspawn Fighter)         Turns: 1286, Time: 00:01:25

Health: -11/43     AC: 21    Str: 18    XL:     3   Next: 21%
Magic:  3/3        EV:  2    Int:  9    God:
Gold:   82         SH:  4    Dex: 12    Spells: 2/2 levels left

rFire   . . .      SeeInvis .    a - +0 long sword
rCold   . . .      Faith    .    c - +0 buckler
rNeg    . . .      Spirit   .    (body armour currently unavailable)
rPois   +          Reflect  .    (helmet currently unavailable)
rElec   .          Harm     .    (cloak currently unavailable)
rCorr   .          Rampage  .    (gloves currently unavailable)
Will    .....      NoTele   +    (boots currently unavailable)
Stlth   +.........               (no amulet)
HPRegen 0.14/turn                (no ring)
MPRegen 0.08/turn                (no ring)

@: tree-form
A: stationary, stasis, torment immunity, boosted hp, (spiny 2)
a: no special abilities


You were on level 2 of the Dungeon.
You were a tree.
You visited 1 branch of the dungeon, and saw 2 of its levels.

You collected 82 gold pieces.

Inventory:

Hand Weapons
 a - a +0 long sword (weapon)
Armour
 b - a +0 scale mail (melded)
 c - a +0 buckler (worn)
Scrolls
 f - a scroll of magic mapping {unknown}
 h - 3 scrolls of poison {unknown}
 i - a scroll of teleportation {unknown}
 l - a scroll of amnesia {unknown}
 m - a scroll of identify {unknown}
Potions
 d - a potion of might
 g - a potion of curing {unknown}
 j - a potion of flight {unknown}
 k - a potion of heal wounds {unknown}


   Skills:
 + Level 3.3 Fighting
 + Level 2.2 Long Blades
 + Level 3.1 Armour
 + Level 3.0 Shields


You had 2 spell levels left.
You didn't know any spells.
Your spell library contained the following spells:

 Spells                   Type           Power      Damage    Failure   Level
 Apportation              Tloc           0%         N/A       47%         1
 Blink                    Tloc           0%         N/A       63%         2
 Lesser Beckoning         Tloc           0%         N/A       85%         3
 Alistair's Intoxication  Tmut/Pois      0%         N/A       100%        5
 Manifold Assault         Tloc           0%         N/A       100%        5


Dungeon Overview and Level Annotations

Branches:
Dungeon (2/15)

Altars:

Shops:
D:1 (


Innate Abilities, Weirdness & Mutations

You are a tree.
Your roots penetrate the ground, keeping you stationary.
You cannot be teleported.
You are immune to unholy pain and torment.
Your maximum health is greatly increased.
Your equipment is partially melded.
((You are mostly covered in sharp spines.))


Message History

Key pressed, stopping explore.
No target in view!
No target in view!
No target in view!
m - a scroll labelled LIAPOA XAOPHI No target in view!
A quokka comes into view.
You hit the quokka.
The quokka is almost dead.
The quokka barely misses you. You block the quokka's attack.
A quokka is nearby!
You hit the quokka.
You kill the quokka!
An ogre comes into view. It is wielding a +0 giant club.
The ogre shouts!
An ogre is nearby!
You slash the ogre!
The ogre is moderately wounded.
The ogre is struck by your spines. The ogre hits you with a +0 giant club!
Ouch! That really hurt!
An ogre is nearby!
You are too injured to fight recklessly!
An ogre is nearby!
You are too injured to fight recklessly!
You are too injured to fight recklessly!
You see here 6 stones.
It was a potion of lignification.
You turn into a tree.
Your +0 scale mail melds into your body.
Your roots penetrate the ground.
You hit the ogre.
The ogre is heavily wounded.
The ogre barely misses you.
You closely miss the ogre.
The ogre is heavily wounded.
The ogre hits you with a +0 giant club!
You barely miss the ogre.
The ogre is heavily wounded.
The ogre hits you with a +0 giant club!!
Ouch! That really hurt!
You die...

#############
#.#.#...#.#.#
##.#....†#.##
#.#..#.#..#.#
##†O##.##..##
#..##...##†.#
#.##..O..##.#
#..##.♣.##..#
##O.##.##..##
.#..###..#.#
## #..#..#.##
#...#.#.# #.#
##.######
##.# #..#
##... #.##
.... #.#


You could see an ogre.

Vanquished Creatures
  2 worms (D:2)
  2 dart slugs
  5 endoplasms
  3 giant cockroaches
  2 goblins (D:1)
  A hobgoblin (D:1)
  A quokka (D:2)
  2 ball pythons (D:1)
  2 frilled lizards
  2 kobolds (D:1)
  4 rats
26 creatures vanquished.

Notes
Turn   | Place    | Note
-------+----------+-------------------------------------------
     0 | D:1      | BritishOli the Demonspawn Fighter began the quest for the
                  | Orb.
     0 | D:1      | Reached XP level 1. HP: 18/18 MP: 1/1
   301 | D:1      | Gained mutation: You are partially covered in sharp spines.
                  | [demonic ancestry]
   301 | D:1      | Reached XP level 2. HP: 24/24 MP: 2/2
   339 | D:1      | Found a faded altar of an unknown god.
   352 | D:1      | Found Atiam's Weapon Shop.
  1067 | D:2      | Gained mutation: You are mostly covered in sharp spines.
                  | [demonic ancestry]
  1067 | D:2      | Reached XP level 3. HP: 29/29 MP: 3/3
  1271 | D:2      | Noticed an ogre
  1286 | D:2      | Mangled by an ogre

Illustrated notes

Levels and vault maps discovered:
D:1:      lemuel_arrival_hallway, layout_loops_ring, serial_shops, shop,
          ebering_ecumenical_altar_webs, minmay_misc_feat_doors
D:2:      minmay_diamond_boxcup, layout_basic, kennysheep_boxes

Skill      XL: |  1  2 |
---------------+-------+-----
Long Blades    | 2 |  2.2
Armour         | 3 |  3.1
Shields        | 3 |  3.0
Fighting       | |  3.3

Action                   || total
-------------------------++-------
Melee: Long sword        ||    58
  Use: Potion            ||     1
Armor: Scale mail        ||     9
Dodge: Dodged            ||    27
Block: Buckler           ||    15

Table legend: (Time is in decaauts)
 A = Elapsed time spent in this place.
 B = Non-inter-level travel time spent in this place.
 C = Inter-level travel time spent in this place.
 D = Time resting spent in this place.
 E = Time spent auto-exploring this place.
 F = Levels seen in this place.
 G = Mean time per level.
                   A        B        C        D        E       F      G
               +--------+--------+--------+--------+--------+-----+--------+
         Total |   1305 |   1253 |     52 |      0 |   1078 |   2 |  652.5 |
       Dungeon |   1305 |   1253 |     52 |      0 |   1078 |   2 |  652.5 |
               +--------+--------+--------+--------+--------+-----+--------+

Top non-repeatable levels by time:
     D:1: 909 daAuts
     D:2: 395 daAuts
